 Dungeon Crawl Stone Soup version 0.14-a0-1519-gc5e2f7f (webtiles) character file.

88 Zylkyth the Poker (level 3, -1/27 HPs)
             Began as a Merfolk Death Knight on Dec 16, 2013.
             Was a Follower of Yredelemnul.
             Slain by an iguana (9 damage)
             ... while paralysed by a potion of paralysis
             ... on Level 3 of the Dungeon.
             The game lasted 00:05:10 (1801 turns).

Zylkyth the Poker (Merfolk Death Knight)            Turns: 1801, Time: 00:05:11

HP  -1/27        AC  3     Str 13      XL: 3   Next: 83%
MP   5/5         EV  2     Int 12      God: Yredelemnul [*.....]
Gold 37          SH  0     Dex 11 (14) Spells:  0 memorised,  2 levels left

rFire  . . .     SeeInvis .     a - +1,+2 spear
rCold  . . .     Clarity  .     j - +0 elf leather armour
rNeg   . . .     Conserve .     (no shield)
rPois  .         rCorr    .     (no helmet)
rElec  .         rRot     .     (no cloak)
SustAb . .       Spirit   .     (no gloves)
rMut   .         Warding  .     (no boots)
Saprov . . .     Stasis   .     (no amulet)
                                (no ring)
                                (no ring)

@: paralysed, mildly poisoned, not resistant to hostile enchantments, very
unstealthy
A: change form in water, swift swim, clever 1
a: Animate Remains, Renounce Religion


You were on level 3 of the Dungeon.
You worshipped Yredelemnul.
Yredelemnul was aware of your devotion.
You were hungry.

You visited 1 branch of the dungeon, and saw 3 of its levels.

You collected 37 gold pieces.

Inventory:

Hand weapons
 a - a +1,+2 spear (weapon)
Armour
 j - a +0 elven leather armour (worn)
Comestibles
 c - 3 bread rations
 g - 2 chokos
Scrolls
 d - 2 scrolls of teleportation
 h - a scroll of curse weapon {unknown}
 i - a scroll of enchant weapon II
 k - a scroll of amnesia {unknown}
 l - a scroll of curse armour {unknown}
Potions
 e - a potion of agility {unknown}
 f - a potion of mutation {unknown}


   Skills:
 - Level 2.1 Fighting
 * Level 5.9 Polearms
 - Level 0.6 Armour
 - Level 1.3 Dodging
 - Level 3.0 Invocations


You had 2 spell levels left.
You didn't know any spells.

Dungeon Overview and Level Annotations

Branches:
Dungeon (3/16)

Altars:
Kikubaaqudgha


Innate Abilities, Weirdness & Mutations

You revert to your normal form in water.
You are very nimble and swift while swimming.
Your mind is acute. (Int +2)


Message History

The kobold hits you with an uncursed dagger.
The iguana bites you!
Ouch! That really hurt!
The kobold unwields an uncursed dagger.
The kobold wields an uncursed blowgun.
The kobold shoots a poisoned needle.
The poisoned needle hits you!
You are poisoned.
You see here a poisoned needle.
You feel sick.
Drink which item? (? for menu, Esc to quit)
Okay, then.
Read which item? (? for menu, Esc to quit)
Okay, then.
Drink which item? (? for menu, Esc to quit)
You suddenly lose the ability to move!
It was a potion of paralysis.
The iguana bites you but does no damage.
The iguana bites you.
* * * LOW HITPOINT WARNING * * *
You feel sick. The iguana bites you!
You die...
Your body rises from the dead as a mindless zombie.

########### #.........#
#.........#################
#..........................
#...........###########....
##.#####....###########....
#.......................).
#########@############.#.#
#l# #.....< #K# #...... #l#
#...... #(# #......
..<......%.l.............
............... .......
.........###### ......
.........# .....


You could see an iguana, a kobold and a giant newt.

Vanquished Creatures
  A giant mite (D:2)
  A worm (D:2)
  An orc (D:3)
  3 bats (D:1)
  4 giant cockroaches (D:1)
  4 goblins
  2 hobgoblins (D:1)
  7 jackals (D:1)
  2 giant newts
  4 kobolds
  A quokka (D:3)
  8 rats
38 creatures vanquished.

Notes
Turn   | Place    | Note
--------------------------------------------------------------
     0 | D:1      | Zylkyth, the Merfolk Death Knight, began the quest for the Orb.
     0 | D:1      | Reached XP level 1. HP: 16/16 MP: 2/2
   262 | D:1      | Reached skill level 4 in Polearms
   262 | D:1      | Reached XP level 2. HP: 16/22 MP: 3/3
   849 | D:1      | Reached skill level 5 in Polearms
   849 | D:1      | Reached XP level 3. HP: 25/27 MP: 5/5
  1427 | D:2      | Paralysed by a potion of paralysis for 5 turns
  1447 | D:2      | Gained mutation: You digest meat inefficiently. [potion of mutation]
  1447 | D:2      | Gained mutation: Your mind is acute. (Int +2) [potion of mutation]
  1447 | D:2      | Lost mutation: You digest meat inefficiently. [potion of mutation]
  1561 | D:2      | Found an ancient bone altar of Kikubaaqudgha.
  1799 | D:3      | Paralysed by a potion of paralysis for 3 turns
  1801 | D:3      | Slain by an iguana

Action                   || total
-------------------------++-------
Melee: Spear             ||   149
  Use: Scroll            ||     2
       Potion            ||     1
 Stab: Sleeping          ||     1
